AoeStats
← putzfetzen

Arena

507821722Analyzed
2v2 RM · 12d ago on Sep 19, 2026· 53m 23s· 4 players
Game mode
Random Map
Map size
Medium (4 player)
Population
200
Speed
Normal
Resources
Standard
Victory
Conquest
Starting age
Dark Age
Ending age
Imperial Age
RankedLock teamsTeams togetherTeam positionsShared explorationLock speedFull tech treeHidden civsTurbo modeCheats
Victory
Defeat
🇵🇪 Mongols · Peru
1172
+17
🇵🇪 Teutons · Peru
1166
+16
🇦🇹 Malians · Austria
1199
-17
🇦🇹 Franks · Austria
1168
-16
Inkarri
0:28 Loom
10:48 Feudal Age
11:09 Horse Collar
11:17 Double-Bit Axe
12:10 Wheelbarrow
18:58 Castle Age
20:15 Bow Saw
20:08 Heavy Plow
20:28 Hand Cart
22:07 Gold Mining
28:47 Imperial Age
28:41 Stone Mining
30:39 Two-Man Saw
30:35 Scale Mail Armor
30:45 Forging
31:02 Stone Mining
31:57 Chain Mail Armor
32:24 Crop Rotation
33:16 Pikeman
33:56 Squires
33:42 Arson
34:29 Plate Mail Armor
34:34 Iron Casting
35:42 Halberdier
37:39 Scale Barding Armor
38:35 Blast Furnace
38:49 Chain Barding Armor
37:51 Cavalier
38:42 Bloodlines
42:13 Plate Barding Armor
43:44 Paladin
49:41 Fletching
51:55 Stone Shaft Mining
Artorias
6:12 Loom
10:33 Feudal Age
14:29 Castle Age
12:31 Double-Bit Axe
16:14 Wheelbarrow
30:50 Fortified Wall
32:04 Loom
51:22 Imperial Age
50:27 Stone Mining
52:11 Stone Shaft Mining
52:21 Gold Mining
ArbeitsamtHATgeldGEWIESEN
10:44 Feudal Age
11:57 Loom
17:01 Castle Age
30:44 Imperial Age
28:49 Fletching
30:16 Ballistics
32:37 Chemistry
32:20 Bodkin Arrow
35:19 Town Watch
36:10 Wheelbarrow
39:39 Double-Bit Axe
41:00 Cavalier
41:40 Husbandry
44:46 Pikeman
45:27 Squires
45:12 Arson
50:39 Halberdier
putzfetzen
10:54 Feudal Age
14:35 Castle Age
13:09 Double-Bit Axe
13:53 Loom
22:07 Horse Collar
23:13 Gold Mining
27:53 Imperial Age
27:46 Town Watch
27:55 Fletching
28:16 Forging
28:52 Scale Mail Armor
29:42 Wheelbarrow
28:58 Gold Mining
30:03 Sanctity
30:33 Chain Mail Armor
31:06 Block Printing
31:06 Capped Ram
34:13 Bodkin Arrow
41:44 Onager
42:35 Crossbowman
45:58 Arbalester
50:21 Town Patrol
50:25 Padded Archer Armor
50:49 Ballistics
51:29 Chemistry
50:57 Conscription
52:47 Fortified Wall
52:48 Thumb Ring
Connection lost

Rejoining the realm…

Still unreachable

The connection could not be restored.

Session expired

The server has moved on; the page needs a fresh start.